TKirby, chaotic male elven Ranger ----- |...| --------- |%..| #.........# |...| o #|.......|#######..).| #|.......|# |...| q@## #|.....<.|# -.--- # #-----+---# ## #`##### ############# # ---+---# # ### # # |.....|## # # # # |......## ----+-------# ### # |.....| |..{....(..-# # # |.....| |..........| ##### # |......######-..........| # -.--|--- ------- ------------ |......| |......| .......| -------- TKirby the Lookout Experience level: 4 Strength: 15 Dexterity: 12 Constitution: 15 Intelligence: 14 Wisdom: 14 Charisma: 7 Health: 0(28) Energy: 20(20) Def: 3 Gold: 118 Moves: 1893 Dungeon seed: LS7EMMFa4cPJu3Ix Game ID: TKirby_1507564425 Your Inventory: Coins $ - 118 gold pieces Weapons a - the +1 Sting (weapon in hand) b - a +1 elven bow (alternate weapon; not wielded) c - 51 +2 elven arrows (in quiver) d - 33 +0 elven arrows Armor e - an uncursed +2 elven cloak (being worn) Comestibles f - 4 uncursed lembas wafers Scrolls h - a blessed scroll of teleportation u - a cursed scroll of taming Spellbooks g - an uncursed spellbook of sleep k - an uncursed spellbook of restore ability Potions i - an uncursed potion of confusion o - an uncursed potion of water Rings l - a cursed ring of polymorph t - a cursed ring of polymorph control Wands m - a wand of sleep (0:8) Gems n - 2 uncursed worthless pieces of red glass r - an uncursed worthless piece of yellowish brown glass Spells and supernatural/magical abilities: Name Level Category Fail Memory z - sleep 1 enchantment 38% 91% R - restore ability 4 healing 100% 97% W - pray for help -- divine ? -- Your skills at the end: Fighting Skills Weapon Skills dagger [Basic] bow [Basic] Spellcasting Skills Final Attributes: You were piously aligned. You were sleep resistant. You were aware of the presence of orcs. You had automatic searching. You had infravision. You were stealthy. You are dead. Vanquished creatures: a fog cloud a little dog a giant bat a gas spore a large kobold a giant rat a gecko 4 jackals a fox a kobold 2 goblins a sewer rat 4 grid bugs 6 lichens a kobold zombie 4 newts 31 creatures vanquished. Voluntary challenges: You were an atheist. You used a wielded weapon 36 times, starting on turn 4. You read items or engraved 19 times, starting on turn 31. You never genocided any monsters. You never polymorphed an object. You never changed form. You used no wishes. You never split a pudding. You never wrote Elbereth's name. You never violated your personal moral code. Dungeon overview: The Dungeons of Doom: levels 1 to 4 Level 1 a fountain a long staircase Level 2 some fountains a long staircase Level 3 an armor shop, some fountains Level 4 <- You were here a fountain History has recorded: On T:1 you entered the Dungeons of Doom to retrieve the Amulet of Yendor! On T:747 you advanced to experience level 2. On T:867 you reached level 2 of The Dungeons of Doom. On T:883 you advanced to experience level 3. On T:1368 you reached level 3 of The Dungeons of Doom. On T:1459 you advanced to experience level 4. On T:1761 you reached level 4 of The Dungeons of Doom. Score breakdown: Gold: 118 ( 7060 points) Experience: 4 levels ( 9649 points) Exploration: 4 levels ( 8.16%) ( 7500 points) Discoveries: 4 items ( 1.38%) ( 3523 points) Valuables value: (no points given unless you survive) Artifact value: 800 ( 9877 points) Variety of kills: 16 monsters ( 4.20%) ( 6147 points) Turncount: 1893 turns ( 0 points) Survival: died (score multiplied by 80%) Total score: 35004 Latest messages: You stop exploring. The fog cloud engulfs you! You are laden with moisture and can barely breathe! You hit the fog cloud. (3x) You destroy the fog cloud! You see here a corroded short sword. You see here a lichen corpse. The door resists! (3x) The door opens. You see here a large box. You carefully open the large box... You stop exploring. The rothe hits! The rothe bites! (2x) You hit the rothe. The rothe hits! The rothe bites! The rothe misses. You miss the rothe. (2x) The rothe hits! The rothe bites! (2x) You hit the rothe. The rothe hits! You die... Final status: Goodbye TKirby the Ranger, killed by a rothe... You died in The Dungeons of Doom on dungeon level 4 with 35004 points, and 118 pieces of gold, after 1893 moves. You were level 4 with a maximum of 28 hit points when you died.